[Event "FIDE World Rapid-ch Open 2018"]
[White "Kabanov, Nikolai"]
[Black "Rechlis, Gad"]
[Site "St. Petersburg"]
[Round "14.72"]
[Annotator "ChessBase"]
[Result "1-0"]
[Date "2018.12.28"]
[WhiteElo "2450"]
[BlackElo "2521"]
[PlyCount "151"]
[TimeControl "900+10"]

1. e4 c5 2. Nf3 d6 3. Bb5+ Bd7 4. c4 Nc6 5. Nc3 Nf6 6. d4 cxd4 7. Nxd4 g6 8. f3 Nxd4 9. Qxd4 Bg7 10. Bg5 0-0 11. Qd2 Rc8 12. Rc1 Be6 13. b3 a6 14. Ba4 Rb8 15. 0-0 Qa5 16. a3 Rfc8 17. b4 Qd8 18. Nd5 Bxd5 19. exd5 b5 20. Bb3 Nd7 21. Rfe1 bxc4 22. Bxc4 a5 23. b5 Bf6 24. Be3 h5 25. Bf1 Nc5 26. Qf2 Qd7 27. Kh1 Qf5 28. Red1 Na4 29. Rc6 Nc3 30. Rc1 Nxd5 31. Ba7 Rxc6 32. bxc6 Ra8 33. c7 Rc8 34. Bb8 Qf4 35. Qe1 Be5 36. g3 Qxf3+ 37. Bg2 Qb3 38. Qe4 Nxc7 39. Rb1 Qa2 40. Qb7 Ne8 41. Bd5 Qc2 42. Rf1 Nf6 43. Bb3 Qd3 44. Qxc8+ Kg7 45. Qc4 Qe3 46. Qxf7+ Kh6 47. Qc4 Ne4 48. Ba7 Nxg3+ 49. hxg3 Qxg3 50. Qc1+ g5 51. Qc2 Qh3+ 52. Kg1 Qg3+ 53. Qg2 Qxb3 54. Qf3 Qe6 55. Be3 Bf6 56. a4 Qc4 57. Qf5 Qxa4 58. Qe6 Qg4+ 59. Qxg4 hxg4 60. Rf5 a4 61. Ra5 Kg6 62. Kg2 Be5 63. Rxa4 Kf5 64. Ra7 e6 65. Rf7+ Bf6 66. Bd4 e5 67. Bb6 Ke6 68. Rf8 Be7 69. Re8 Kf7 70. Ra8 Ke6 71. Bd8 Bxd8 72. Rxd8 e4 73. Kg3 Ke5 74. Kxg4 d5 75. Kxg5 Kd4 76. Kf4 1-0

[Event "FIDE World Rapid-ch Open 2018"]
[White "Reshetnikov, Alexey"]
[Black "Kobo, Ori"]
[Site "St. Petersburg"]
[Round "14.73"]
[Annotator "ChessBase"]
[Result "1-0"]
[Date "2018.12.28"]
[WhiteElo "2492"]
[BlackElo "2494"]
[PlyCount "83"]
[TimeControl "900+10"]

1. c4 b6 2. Nf3 Bb7 3. g3 Bxf3 4. exf3 c5 5. f4 Nc6 6. Bg2 Rc8 7. b3 Nf6 8. Bb2 e6 9. 0-0 Be7 10. Na3 0-0 11. Nc2 d5 12. d3 Qd7 13. Qf3 Rfd8 14. Rad1 d4 15. Rfe1 a6 16. g4 b5 17. h4 Ne8 18. Bc1 Nd6 19. Bh3 a5 20. Kh1 a4 21. f5 exf5 22. gxf5 Bf6 23. Bg5 Kh8 24. Na3 axb3 25. axb3 Na5 26. Qf4 Bxg5 27. hxg5 Nxb3 28. Nxb5 Nxb5 29. cxb5 f6 30. Re6 Rf8 31. b6 c4 32. dxc4 Rxc4 33. Bg2 Nc5 34. Rd6 Qe7 35. gxf6 gxf6 36. R6xd4 Rc2 37. Qc7 Qe2 38. Rd8 Qh5+ 39. Kg1 Qh6 40. Rxf8+ Qxf8 41. Rd8 Rc1+ 42. Kh2 1-0

[Event "FIDE World Rapid-ch Open 2018"]
[White "Geller, Jakov"]
[Black "Christiansen, Johan-Sebastian"]
[Site "St. Petersburg"]
[Round "14.74"]
[Annotator "ChessBase"]
[Result "1-0"]
[Date "2018.12.28"]
[WhiteElo "2518"]
[BlackElo "2555"]
[PlyCount "105"]
[TimeControl "900+10"]

1. e4 e6 2. d4 d5 3. Nc3 Nf6 4. Bg5 dxe4 5. Nxe4 Be7 6. Bxf6 gxf6 7. c3 f5 8. Nd2 c5 9. Ngf3 Nc6 10. Bb5 0-0 11. Bxc6 bxc6 12. 0-0 Rb8 13. b3 cxd4 14. Nxd4 Qc7 15. Qh5 Bf6 16. Rae1 Kh8 17. Re3 Rg8 18. Rfe1 Bb7 19. Rg3 c5 20. N4f3 Rbd8 21. Nc4 Be4 22. Ng5 Bxg5 23. Rxg5 Qf4 24. Rg3 Rg6 25. Rxg6 fxg6 26. Qe2 Kg7 27. f3 Bd5 28. Ne5 Ba8 29. Nd3 Qd6 30. Rd1 Qa6 31. c4 Qb6 32. Nf4 Rxd1+ 33. Qxd1 Kh6 34. Qd2 g5 35. Nh3 f4 36. Nf2 Kg6 37. Qd3+ Kg7 38. Qd7+ Kf8 39. Qc8+ Kg7 40. Qxa8 Qa5 41. Qe4 Qxa2 42. h4 Qxb3 43. hxg5 a5 44. Qe5+ Kf7 45. Qf6+ Ke8 46. Qxe6+ Kf8 47. Qf6+ Ke8 48. Qh8+ Kd7 49. Qxh7+ Kc6 50. Qe4+ Kb6 51. Qe6+ Ka7 52. Qd7+ Ka8 53. Qc8+ 1-0

[Event "FIDE World Rapid-ch Open 2018"]
[White "Khusnutdinov, Rustam"]
[Black "Tissir, Mohamed"]
[Site "St. Petersburg"]
[Round "14.75"]
[Annotator "ChessBase"]
[Result "1/2-1/2"]
[Date "2018.12.28"]
[WhiteElo "2470"]
[BlackElo "2387"]
[PlyCount "125"]
[TimeControl "900+10"]

1. e4 c5 2. Nf3 d6 3. d4 cxd4 4. Qxd4 Nd7 5. Be2 Ngf6 6. 0-0 a6 7. Rd1 Qc7 8. c4 e6 9. Nc3 Be7 10. Bg5 0-0 11. Bh4 Ne5 12. Bxf6 gxf6 13. Rac1 Kh8 14. Qe3 Rg8 15. Nd4 Bd7 16. Kh1 Rg7 17. f4 Ng4 18. Qg1 Rag8 19. Bf3 Qc5 20. h3 Nh6 21. Nde2 Qc8 22. Qe3 f5 23. e5 dxe5 24. Qxe5 f6 25. Qd4 Be8 26. c5 Bc6 27. Qf2 Rxg2 28. Qxg2 Rxg2 29. Bxg2 Bxg2+ 30. Kxg2 Qc6+ 31. Kh2 Qf3 32. Rf1 Qe3 33. b4 Bd8 34. Rcd1 Be7 35. Rd7 Ng8 36. Rxb7 e5 37. Rd7 exf4 38. Rxf4 Nh6 39. Kg2 Qe6 40. Rd3 Nf7 41. Nd4 Qc4 42. Rdf3 Ng5 43. Nxf5 Qe6 44. Re3 Qc6+ 45. Kh2 Bf8 46. h4 Nf7 47. Nd4 Qd7 48. Kg2 Bh6 49. Ref3 Bxf4 50. Rxf4 Ne5 51. Nce2 Ng6 52. Rxf6 Qg4+ 53. Kf1 Nxh4 54. Rf8+ Kg7 55. Rf4 Qh3+ 56. Kf2 Qh2+ 57. Kf1 Qh1+ 58. Kf2 Qh2+ 59. Kf1 Qh3+ 60. Kf2 Qh2+ 61. Kf1 Qh3+ 62. Kf2 Qh2+ 63. Kf1 1/2-1/2

[Event "FIDE World Rapid-ch Open 2018"]
[White "Sharma, Dinesh K."]
[Black "Zhigalko, Andrey"]
[Site "St. Petersburg"]
[Round "14.76"]
[Annotator "ChessBase"]
[Result "0-1"]
[Date "2018.12.28"]
[WhiteElo "2295"]
[BlackElo "2545"]
[PlyCount "140"]
[TimeControl "900+10"]

1. e4 c5 2. Nf3 d6 3. d4 cxd4 4. Nxd4 Nf6 5. Nc3 a6 6. Be3 e6 7. f3 b5 8. Qd2 Nbd7 9. a3 Bb7 10. g4 Nb6 11. Qf2 Nfd7 12. 0-0-0 Rc8 13. Bd3 Rxc3 14. bxc3 d5 15. Kd2 Bxa3 16. Rb1 0-0 17. g5 dxe4 18. fxe4 Nc5 19. Qh4 e5 20. Nf5 Nc4+ 21. Ke2 Nxe3 22. Nxe3 Ne6 23. Rhg1 Nf4+ 24. Kf3 Nxd3 25. cxd3 Qxd3 26. Rgd1 Qxc3 27. Ke2 Qc6 28. Rb3 Be7 29. Rd5 h6 30. Rxe5 Bxg5 31. Qg3 Rd8 32. Rd5 Re8 33. Re5 Rxe5 34. Qxe5 Qxe4 35. Qxe4 Bxe4 36. Ra3 Bb7 37. Nf5 g6 38. Nd6 Be7 39. Rd3 Bc6 40. Nc8 Bg5 41. Rd6 Bb7 42. Nb6 b4 43. Na4 Kg7 44. Rb6 Bc8 45. Rxb4 Bd7 46. Nb6 Bb5+ 47. Kf3 f5 48. Na4 Be7 49. Rd4 Bf6 50. Rb4 g5 51. h3 h5 52. Nb2 Be5 53. Nc4 g4+ 54. hxg4 hxg4+ 55. Kg2 Bc3 56. Rb3 Bd4 57. Nd6 Bc6+ 58. Kf1 Kf6 59. Rb4 Be3 60. Rc4 Bd5 61. Ra4 f4 62. Rxa6 Ke5 63. Nb5 g3 64. Rg6 Kf5 65. Rg7 Bc4+ 66. Kg2 Bxb5 67. Rf7+ Ke6 68. Rc7 Kd6 69. Rc3 Bc6+ 70. Kh3 g2 0-1

[Event "FIDE World Rapid-ch Open 2018"]
[White "Pershin, Denis"]
[Black "Mikhalevski, Victor"]
[Site "St. Petersburg"]
[Round "14.77"]
[Annotator "ChessBase"]
[Result "0-1"]
[Date "2018.12.28"]
[WhiteElo "2400"]
[BlackElo "2579"]
[PlyCount "66"]
[TimeControl "900+10"]

1. d4 Nf6 2. Nc3 d5 3. Bf4 c5 4. e3 Bg4 5. f3 Bd7 6. dxc5 Qa5 7. Qd2 Qxc5 8. 0-0-0 Nc6 9. Nxd5 Qxd5 10. Qxd5 Nxd5 11. Rxd5 e5 12. Bg3 Be6 13. Rb5 0-0-0 14. c4 Bb4 15. Rxb4 Nxb4 16. Bxe5 Nxa2+ 17. Kc2 Nb4+ 18. Kc3 Na2+ 19. Kc2 Nb4+ 20. Kc3 Rd1 21. Ne2 f6 22. Bd4 a5 23. Ng3 Rc1+ 24. Kb3 b5 25. Be2 Rc2 26. Ka3 Kb7 27. cxb5 Rhc8 28. Rd1 Rc1 29. Ka4 Rxd1 30. Bxd1 Rc1 31. Kxa5 Nd3 32. Ba4 Rc8 33. b6 Bc4 0-1

[Event "FIDE World Rapid-ch Open 2018"]
[White "Anisimov, Pavel"]
[Black "Anikonov, Dmitry"]
[Site "St. Petersburg"]
[Round "14.78"]
[Annotator "ChessBase"]
[Result "0-1"]
[Date "2018.12.28"]
[WhiteElo "2533"]
[BlackElo "2371"]
[PlyCount "149"]
[TimeControl "900+10"]

1. d4 e6 2. Nf3 d5 3. Bf4 Nf6 4. e3 Bd6 5. Bg3 0-0 6. Nbd2 c5 7. c3 Nc6 8. Bd3 Qe7 9. Ne5 Nd7 10. Nxd7 Bxd7 11. Bxd6 Qxd6 12. dxc5 Qxc5 13. Bxh7+ Kxh7 14. Qh5+ Kg8 15. Ne4 Qc4 16. Ng5 Rfd8 17. Qxf7+ Kh8 18. Qh5+ Kg8 19. Qf7+ Kh8 20. Rd1 Qh4 21. Nxe6 Bxe6 22. Qxe6 Re8 23. Qh3 Qxh3 24. gxh3 Rad8 25. Kf1 Re5 26. Rg1 Rf8 27. Rg3 Ref5 28. Rd2 Ne5 29. Kg2 Nc4 30. Re2 Nd6 31. f3 R8f6 32. h4 Rh5 33. Rg5 Rf5 34. Rxh5+ Rxh5 35. Kg3 g6 36. Rd2 Nf5+ 37. Kf4 Rxh4+ 38. Kg5 Kg7 39. e4 Rh5+ 40. Kf4 Ne7 41. c4 dxe4 42. Rd7 Kf6 43. Kxe4 Nf5 44. c5 Rxh2 45. Rxb7 Rd2 46. f4 Rd4+ 47. Kf3 Rc4 48. Rxa7 Nd4+ 49. Ke3 Ne6 50. Ra6 Rxc5 51. a4 Rc4 52. a5 Ra4 53. Kd3 Kf5 54. Kc3 Nxf4 55. b3 Nd5+ 56. Kb2 Re4 57. Rd6 Nc7 58. Rd7 Na6 59. Ra7 Re6 60. Kc3 Rc6+ 61. Kd4 g5 62. Rf7+ Rf6 63. Rb7 g4 64. Ke3 Re6+ 65. Kf2 Nc5 66. Rb5 Re5 67. Kg2 Na6 68. Rb6 Rxa5 69. Kg3 Nc5 70. Rb8 Ne4+ 71. Kg2 Ra2+ 72. Kg1 Kf4 73. Rd8 Ng5 74. b4 Nf3+ 75. Kf1 0-1

[Event "FIDE World Rapid-ch Open 2018"]
[White "Makoveev, Ilya"]
[Black "Belozerov, Andrei"]
[Site "St. Petersburg"]
[Round "14.79"]
[Annotator "ChessBase"]
[Result "1-0"]
[Date "2018.12.28"]
[WhiteElo "2257"]
[BlackElo "2528"]
[PlyCount "135"]
[TimeControl "900+10"]

1. e4 c6 2. d4 d5 3. f3 dxe4 4. fxe4 e5 5. Nf3 Bg4 6. Bc4 Nd7 7. c3 b5 8. Bb3 Ngf6 9. 0-0 Bd6 10. Bg5 0-0 11. Nbd2 Qc7 12. Qe1 Bh5 13. Qh4 Bg6 14. Rae1 Rae8 15. Kh1 c5 16. dxe5 Bxe5 17. Nxe5 Rxe5 18. Bf4 c4 19. Bc2 Qb7 20. Bxe5 Nxe5 21. Nf3 Nd3 22. Bxd3 cxd3 23. Nd2 Re8 24. Rf3 Bxe4 25. Rxf6 Bxg2+ 26. Kg1 Rxe1+ 27. Qxe1 gxf6 28. Qg3+ Kf8 29. Qxg2 Qb6+ 30. Kf1 Qe6 31. Qa8+ Kg7 32. Qg2+ Kf8 33. Nb3 Qe3 34. Qf2 Qe4 35. Nd2 Qa4 36. a3 Qd1+ 37. Qe1 Qg4 38. Ne4 Qh3+ 39. Kg1 Qg4+ 40. Ng3 h5 41. Qe4 Qd1+ 42. Nf1 Qe2 43. Qd4 Kg7 44. b4 Kg6 45. Qf2 a6 46. Ne3 Qxf2+ 47. Kxf2 Kg5 48. Kg3 f5 49. h4+ Kf6 50. Kf4 d2 51. Kf3 Ke5 52. Ke2 f4 53. Nf1 Kf5 54. Nxd2 Kg4 55. Nf3 Kg3 56. Ne5 f6 57. Nf3 Kg2 58. Nd2 Kg3 59. c4 f3+ 60. Nxf3 bxc4 61. a4 c3 62. Nd4 Kf4 63. Kd3 Ke5 64. Kxc3 f5 65. Nxf5 Kxf5 66. b5 axb5 67. a5 Kg4 68. a6 1-0

[Event "FIDE World Rapid-ch Open 2018"]
[White "Oganian, Miran"]
[Black "Fakhrutdinov, Timur"]
[Site "St. Petersburg"]
[Round "14.80"]
[Annotator "ChessBase"]
[Result "1-0"]
[Date "2018.12.28"]
[WhiteElo "2423"]
[BlackElo "2481"]
[PlyCount "71"]
[TimeControl "900+10"]

1. d4 Nf6 2. c4 e6 3. g3 Bb4+ 4. Bd2 Be7 5. Bg2 d5 6. Nf3 0-0 7. 0-0 c6 8. Qc2 Nbd7 9. Rd1 b6 10. Bf4 Ba6 11. Ne5 Rc8 12. Nc3 Bxc4 13. Nxc4 dxc4 14. e4 b5 15. a4 a6 16. axb5 axb5 17. Ra6 b4 18. Na4 c5 19. d5 e5 20. Be3 Ne8 21. d6 Bg5 22. f4 exf4 23. gxf4 Bh6 24. Qxc4 Qh4 25. Qf1 Nef6 26. Qf2 Qxf2+ 27. Kxf2 Rfe8 28. Ra7 Rcd8 29. Ke2 Nxe4 30. Bxe4 Rxe4 31. Rxd7 Rxd7 32. Nxc5 Rxe3+ 33. Kxe3 Rd8 34. Nb7 Rd7 35. Rc1 g5 36. Rc7 1-0

[Event "FIDE World Rapid-ch Open 2018"]
[White "Gutenev, Alexander"]
[Black "Hirneise, Jens"]
[Site "St. Petersburg"]
[Round "14.81"]
[Annotator "ChessBase"]
[Result "1-0"]
[Date "2018.12.28"]
[WhiteElo "2456"]
[BlackElo "2371"]
[PlyCount "81"]
[TimeControl "900+10"]

1. e4 c5 2. Nf3 d6 3. d4 cxd4 4. Nxd4 Nf6 5. Nc3 Bd7 6. Bg5 e6 7. Qd2 h6 8. Be3 Ng4 9. 0-0-0 Nxe3 10. Qxe3 a6 11. f4 Nc6 12. Kb1 Qb6 13. g3 Nxd4 14. Rxd4 Be7 15. Qd2 0-0 16. Bg2 Bc6 17. Rd1 Rfd8 18. g4 Qc5 19. Na4 Qa7 20. Nc3 b5 21. g5 hxg5 22. fxg5 Qc5 23. h4 Qe5 24. Nd5 Bf8 25. Nf4 g6 26. c3 Bg7 27. Ka1 b4 28. Rxb4 a5 29. Rc4 Qb5 30. Bf1 Qb7 31. h5 gxh5 32. Nxh5 d5 33. Nf6+ Kf8 34. exd5 exd5 35. Rf4 Rab8 36. g6 Bh6 37. Nh7+ Kg8 38. Rxf7 Qxf7 39. gxf7+ Kxh7 40. Bd3+ Kg7 41. Rg1+ 1-0

[Event "FIDE World Rapid-ch Open 2018"]
[White "Yeritsyan, Aram"]
[Black "Iljiushenok, Ilia"]
[Site "St. Petersburg"]
[Round "14.82"]
[Annotator "ChessBase"]
[Result "1-0"]
[Date "2018.12.28"]
[WhiteElo "2372"]
[BlackElo "2533"]
[PlyCount "75"]
[TimeControl "900+10"]

1. e4 c5 2. Nf3 e6 3. d4 cxd4 4. Nxd4 Nc6 5. Nb5 d6 6. c4 Nf6 7. N1c3 a6 8. Na3 Be7 9. Be2 0-0 10. 0-0 b6 11. Be3 Bb7 12. f3 Ne5 13. Rc1 Ned7 14. Qd4 Qc7 15. b4 Rfd8 16. Rfd1 Rab8 17. Nc2 Ba8 18. Na1 Rbc8 19. Nb3 Qb8 20. Na4 Rc6 21. Rb1 Qb7 22. b5 axb5 23. cxb5 Rc2 24. Bd3 Rc7 25. Qb2 d5 26. e5 Ne8 27. Qf2 Nxe5 28. Bxb6 Nxd3 29. Rxd3 Rdc8 30. Bxc7 Nxc7 31. Nbc5 Qb8 32. b6 Bc6 33. Rdb3 Bxa4 34. bxc7 Qxc7 35. Nxa4 Ra8 36. Nb6 Bc5 37. Nxa8 Bxf2+ 38. Kh1 1-0

[Event "FIDE World Rapid-ch Open 2018"]
[White "Sokolov, Andrei"]
[Black "Lintchevski, Daniil"]
[Site "St. Petersburg"]
[Round "14.83"]
[Annotator "ChessBase"]
[Result "1/2-1/2"]
[Date "2018.12.28"]
[WhiteElo "2532"]
[BlackElo "2516"]
[PlyCount "28"]
[TimeControl "900+10"]

1. Nf3 c5 2. c4 Nc6 3. Nc3 g6 4. e3 Nf6 5. d4 cxd4 6. exd4 d5 7. cxd5 Nxd5 8. Bc4 Nxc3 9. Qb3 e6 10. bxc3 Bg7 11. Ba3 Bf8 12. Bc1 Bg7 13. Ba3 Bf8 14. Bc1 Bg7 1/2-1/2

[Event "FIDE World Rapid-ch Open 2018"]
[White "Tsoi, Dmitry"]
[Black "Shinkevich, Vitaly"]
[Site "St. Petersburg"]
[Round "14.84"]
[Annotator "NA"]
[Result "0-1"]
[Date "2018.12.28"]
[WhiteElo "2424"]
[BlackElo "2439"]
[PlyCount "120"]
[TimeControl "900+10"]

1. Nf3 c5 2. g3 g6 3. Bg2 Bg7 4. 0-0 Nc6 5. c4 Nf6 6. Nc3 0-0 7. d3 a6 8. Bg5 Rb8 9. Qd2 b5 10. Bh6 d6 11. Bxg7 Kxg7 12. b3 Bd7 13. Rac1 Qa5 14. Rfd1 Rfc8 15. Nb1 Qxd2 16. Nfxd2 Nd4 17. Kf1 bxc4 18. Nxc4 Be6 19. Nc3 h5 20. h3 h4 21. g4 Nd7 22. e3 Nb5 23. Nd5 Bxd5 24. Bxd5 e6 25. Bg2 d5 26. Nd2 g5 27. Ke2 f6 28. Nb1 Kf7 29. Nc3 Ke7 30. Na4 Kd6 31. Rd2 Na3 32. Kd1 Rc7 33. Bf1 f5 34. gxf5 exf5 35. e4 d4 36. exf5 Rf8 37. Be2 Rxf5 38. Bg4 Re5 39. Bxd7 Rxd7 40. Re2 Rde7 41. Rxe5 Rxe5 42. Kd2 Rf5 43. Ke2 Nb5 44. Rc4 Na3 45. Rc1 Nb5 46. Rc4 a5 47. Rc1 Nc7 48. Nb2 Nd5 49. Nc4+ Kd7 50. Ra1 Nf4+ 51. Kf3 Ke6 52. Nxa5 Nxh3+ 53. Kg2 g4 54. Rf1 Nf4+ 55. Kg1 Nxd3 56. a4 h3 57. Rd1 Nxf2 58. Re1+ Kd5 59. Kh2 Ne4 60. Re2 d3 0-1

[Event "FIDE World Rapid-ch Open 2018"]
[White "Zablotsky, Sergei"]
[Black "Drygalov, Sergey"]
[Site "St. Petersburg"]
[Round "14.85"]
[Annotator "ChessBase"]
[Result "1-0"]
[Date "2018.12.28"]
[WhiteElo "2511"]
[BlackElo "2446"]
[PlyCount "83"]
[TimeControl "900+10"]

1. Nf3 Nf6 2. g3 d5 3. Bg2 c6 4. 0-0 Bf5 5. d3 h6 6. c4 e6 7. Nc3 Be7 8. cxd5 exd5 9. Qb3 Qb6 10. Qc2 Nbd7 11. e4 dxe4 12. dxe4 Bh7 13. Be3 Qa5 14. a3 0-0 15. b4 Qc7 16. Bf4 Bd6 17. Bxd6 Qxd6 18. Rad1 Qe7 19. Rfe1 a5 20. Qb3 axb4 21. axb4 Nb6 22. Nd4 Rfd8 23. e5 Nfd5 24. Nxd5 Nxd5 25. e6 f6 26. b5 c5 27. Bxd5 cxd4 28. Bxb7 Ra3 29. Qb2 d3 30. b6 Ra4 31. Qc3 Bf5 32. Bc8 Ra3 33. Qc4 d2 34. Re3 Rxe3 35. fxe3 Bg4 36. Qxg4 Rxc8 37. Rxd2 Qc5 38. Qd4 Qh5 39. b7 Rc1+ 40. Kg2 Qb5 41. Qd8+ Kh7 42. Qd3+ 1-0

[Event "FIDE World Rapid-ch Open 2018"]
[White "Borisenko, Viacheslav"]
[Black "Golubov, Saveliy"]
[Site "St. Petersburg"]
[Round "14.86"]
[Annotator "ChessBase"]
[Result "1/2-1/2"]
[Date "2018.12.28"]
[WhiteElo "2289"]
[BlackElo "2482"]
[PlyCount "66"]
[TimeControl "900+10"]

1. e4 c5 2. Nf3 e6 3. c3 d5 4. exd5 exd5 5. d4 Nf6 6. Be2 Nc6 7. 0-0 h6 8. Re1 Bd6 9. Bd3+ Be6 10. dxc5 Bxc5 11. Be3 Bxe3 12. Rxe3 0-0 13. Nbd2 d4 14. cxd4 Nxd4 15. h3 Nf5 16. Bxf5 Bxf5 17. Nb3 Qxd1+ 18. Rxd1 Rfd8 19. Rxd8+ Rxd8 20. Re7 Rd1+ 21. Re1 Rd7 22. a3 b6 23. Ne5 Rc7 24. Nd4 Be4 25. Ng4 Nxg4 26. hxg4 Bd5 27. f3 g6 28. Kf2 Kg7 29. Rd1 a6 30. Ke3 Kf6 31. Rh1 Kg7 32. Rd1 b5 33. Rd2 Rb7 {[%emt 0:0:44] Ke4} 1/2-1/2

[Event "FIDE World Rapid-ch Open 2018"]
[White "Lobanov, Sergei"]
[Black "Baron, Tal"]
[Site "St. Petersburg"]
[Round "14.87"]
[Annotator "ChessBase"]
[Result "1-0"]
[Date "2018.12.28"]
[WhiteElo "2526"]
[BlackElo "2532"]
[PlyCount "155"]
[TimeControl "900+10"]

1. e4 e5 2. Nf3 Nc6 3. Bb5 a6 4. Ba4 Nf6 5. 0-0 Be7 6. Re1 b5 7. Bb3 d6 8. c3 0-0 9. h3 Bb7 10. d4 Nd7 11. Nbd2 exd4 12. cxd4 Bf6 13. Nf1 Na5 14. Bc2 Re8 15. Ng3 g6 16. Rb1 c5 17. d5 Nc4 18. b3 Nce5 19. Nxe5 Bxe5 20. f4 Bc3 21. Rf1 Bg7 22. Kh2 a5 23. Bd3 Ba6 24. a4 bxa4 25. Bxa6 Rxa6 26. bxa4 Rb6 27. Bd2 Rxb1 28. Qxb1 Qb6 29. Qxb6 Nxb6 30. Bxa5 Nxa4 31. e5 dxe5 32. d6 exf4 33. Rxf4 Be5 34. d7 Rd8 35. Bxd8 Bxf4 36. Ba5 Bg5 37. Ne4 Be7 38. d8=Q+ Bxd8 39. Bxd8 f5 40. Nd6 Nc3 41. Kg3 Ne2+ 42. Kf2 Nf4 43. Bb6 Ne6 44. Ke3 Kg7 45. Nb7 c4 46. Ba5 Kf6 47. Bc3+ Kg5 48. Nd6 Nc7 49. Kf3 Nd5 50. Bd2+ Kf6 51. Nxc4 g5 52. Ne3 Ne7 53. Bb4 Ng6 54. Bc3+ Ke6 55. g4 Nh4+ 56. Kf2 fxg4 57. hxg4 Ng6 58. Nf1 Nf4 59. Ng3 Kf7 60. Bd2 Nd3+ 61. Kg2 Ne5 62. Kh3 h6 63. Nh5 Nc4 64. Bc3 Ne3 65. Kg3 Nd5 66. Bd4 Nc7 67. Kf3 Ne6 68. Ke4 Kg6 69. Ke5 Nc7 70. Bb2 Na6 71. Ba3 Nc7 72. Ng3 Ne8 73. Nh5 Nc7 74. Bb4 Ne8 75. Bd6 Kf7 76. Bb8 Ke7 77. Kf5 Kd7 78. Nf6+ 1-0

[Event "FIDE World Rapid-ch Open 2018"]
[White "Makarov, Marat"]
[Black "Chen, Qi b"]
[Site "St. Petersburg"]
[Round "14.88"]
[Annotator "ChessBase"]
[Result "1/2-1/2"]
[Date "2018.12.28"]
[WhiteElo "2505"]
[BlackElo "2437"]
[PlyCount "56"]
[TimeControl "900+10"]

1. Nf3 Nf6 2. c4 g6 3. g3 Bg7 4. d4 0-0 5. Bg2 d6 6. 0-0 Nc6 7. Nc3 e5 8. dxe5 dxe5 9. Qxd8 Rxd8 10. Bg5 Be6 11. Nd2 h6 12. Bxf6 Rxd2 13. Bxg7 Kxg7 14. Bxc6 bxc6 15. b3 Rad8 16. Rfd1 R8d4 17. Rxd2 Rxd2 18. Rc1 Rb2 19. Kf1 Kf6 20. Ke1 Bf5 21. Kd1 h5 22. Ra1 g5 23. Ke1 Rc2 24. Nd1 g4 25. Ne3 Rb2 26. Nd1 Rc2 27. Ne3 Rb2 28. Nd1 Rc2 1/2-1/2

[Event "FIDE World Rapid-ch Open 2018"]
[White "Sanikidze, Tornike"]
[Black "Shubin, Kirill"]
[Site "St. Petersburg"]
[Round "14.89"]
[Annotator "ChessBase"]
[Result "1-0"]
[Date "2018.12.28"]
[WhiteElo "2507"]
[BlackElo "2334"]
[PlyCount "63"]
[TimeControl "900+10"]

1. d4 e6 2. c4 Nf6 3. Nf3 Bb4+ 4. Bd2 a5 5. Nc3 b6 6. e3 Bb7 7. Bd3 d5 8. cxd5 exd5 9. Qc2 0-0 10. 0-0 Nbd7 11. a3 Be7 12. Ne5 c5 13. Rad1 c4 14. Bf5 g6 15. Bh3 Nxe5 16. dxe5 Nd7 17. f4 Nc5 18. f5 Nd3 19. f6 Bc5 20. e6 Qd6 21. e7 Rfe8 22. Nb5 Qe5 23. Bd7 Reb8 24. Kh1 d4 25. exd4 Qe2 26. Bh3 Qh5 27. dxc5 Qxh3 28. Bf4 Nxf4 29. Rxf4 bxc5 30. Nc7 Qe3 31. Nxa8 h5 32. Qf2 1-0

[Event "FIDE World Rapid-ch Open 2018"]
[White "Pogosyan, Stefan"]
[Black "Gordievsky, Dmitry"]
[Site "St. Petersburg"]
[Round "14.90"]
[Annotator "ChessBase"]
[Result "1/2-1/2"]
[Date "2018.12.28"]
[WhiteElo "2365"]
[BlackElo "2614"]
[PlyCount "111"]
[TimeControl "900+10"]

1. d4 f5 2. c4 Nf6 3. Nc3 d6 4. Nf3 g6 5. g3 Bg7 6. Bg2 0-0 7. 0-0 c6 8. d5 e5 9. dxe6 Bxe6 10. b3 Na6 11. Bb2 Nc5 12. Qc2 Qe7 13. Rad1 Rad8 14. Rfe1 Bc8 15. e3 Nce4 16. Nxe4 fxe4 17. Nd4 Ng4 18. Rd2 d5 19. cxd5 cxd5 20. Red1 a6 21. h3 Ne5 22. Ne2 Nf3+ 23. Bxf3 exf3 24. Nf4 Bf5 25. Qc1 Rc8 26. Qa1 Bh6 27. Rxd5 Bxf4 28. exf4 Bxh3 29. Re1 Qf7 30. Qd1 h5 31. Qxf3 Rfe8 32. Rxe8+ Rxe8 33. Qc3 Kh7 34. Rc5 Bd7 35. Rc7 Kh6 36. Qd4 Bc6 37. Qg7+ Qxg7 38. Bxg7+ Kh7 39. Bf6+ Kg8 40. f3 Re2 41. Rg7+ Kf8 42. Rxg6 Bxf3 43. a4 Kf7 44. Rh6 Rg2+ 45. Kf1 Rxg3 46. Kf2 Rh3 47. Bg5 Bc6 48. b4 Rf3+ 49. Ke2 Rb3 50. f5 Rxb4 51. a5 Re4+ 52. Kd2 Re5 53. Rf6+ Kg7 54. Rg6+ Kf7 55. Rf6+ Ke8 56. Re6+ 1/2-1/2

[Event "FIDE World Rapid-ch Open 2018"]
[White "Vaisser, Anatoli"]
[Black "Ovchinnikov, Vsevolod"]
[Site "St. Petersburg"]
[Round "14.91"]
[Annotator "ChessBase"]
[Result "1-0"]
[Date "2018.12.28"]
[WhiteElo "2505"]
[BlackElo "2329"]
[PlyCount "89"]
[TimeControl "900+10"]

1. d4 Nf6 2. c4 g6 3. Nc3 d5 4. cxd5 Nxd5 5. e4 Nxc3 6. bxc3 Bg7 7. Bg5 c5 8. Rc1 0-0 9. Nf3 Bg4 10. d5 Nd7 11. Be2 h6 12. Be3 f5 13. exf5 Bxf5 14. 0-0 g5 15. Qb3 b6 16. Rcd1 Kh8 17. Rfe1 Qc7 18. Nd2 Nf6 19. f3 Rad8 20. c4 e6 21. Nf1 Rfe8 22. Bf2 exd5 23. cxd5 Bh7 24. Bc4 Rxe1 25. Bxe1 Ne8 26. Bg3 Nd6 27. Nd2 Qf7 28. Bxd6 Rxd6 29. Re1 Rd8 30. Ne4 Bd4+ 31. Kh1 Qf4 32. g3 Qf5 33. Kg2 Qe5 34. Re2 g4 35. Nf2 gxf3+ 36. Qxf3 Qg7 37. Nh3 Rf8 38. Nf4 Bf5 39. h3 Qg5 40. Kh2 Qf6 41. Bd3 Bxd3 42. Qxd3 Rg8 43. Re6 Qg7 44. Ng6+ Kh7 45. Re7 1-0

[Event "FIDE World Rapid-ch Open 2018"]
[White "Vlassov, Nikolai"]
[Black "Perdomo, Carlos Andres"]
[Site "St. Petersburg"]
[Round "14.92"]
[Annotator "NA"]
[Result "1-0"]
[Date "2018.12.28"]
[WhiteElo "2401"]
[BlackElo "2301"]
[PlyCount "93"]
[TimeControl "900+10"]

1. e4 c5 2. c3 Nf6 3. e5 Nd5 4. d4 cxd4 5. cxd4 e6 6. Nc3 Nxc3 7. bxc3 d6 8. f4 dxe5 9. fxe5 Qh4+ 10. Ke2 Bd7 11. Nf3 Qd8 12. Kf2 Be7 13. Bd3 Bc6 14. Rf1 Nd7 15. Kg1 0-0 16. Qc2 h6 17. Be3 Rc8 18. Qd2 Bxf3 19. Rxf3 Bg5 20. Raf1 Bxe3+ 21. Qxe3 Rxc3 22. Bh7+ Kxh7 23. Qxc3 Kg8 24. Qe3 Qe7 25. Rg3 Kh8 26. Rf4 f5 27. exf6 Rxf6 28. Rxf6 Nxf6 29. Qe5 Qb4 30. h3 Qb1+ 31. Kh2 Qxa2 32. Qb8+ Kh7 33. Qxb7 Nh5 34. Qe4+ Kg8 35. Rc3 Qd5 36. Rc8+ Kf7 37. Rc7+ Kg8 38. Qxd5 exd5 39. Rxa7 Nf4 40. Rd7 Kh7 41. g3 Ne2 42. Rxd5 Kg6 43. Kg2 Kf6 44. Kf3 Ng1+ 45. Kg4 g6 46. Rd6+ Kf7 47. h4 1-0

[Event "FIDE World Rapid-ch Open 2018"]
[White "Danielyan, Vahe"]
[Black "Zakhartsov, Vladimir"]
[Site "St. Petersburg"]
[Round "14.93"]
[Annotator "ChessBase"]
[Result "0-1"]
[Date "2018.12.28"]
[WhiteElo "2220"]
[BlackElo "2486"]
[PlyCount "62"]
[TimeControl "900+10"]

1. d4 Nf6 2. Bg5 Ne4 3. h4 h6 4. Bf4 d5 5. Nd2 Nf6 6. e3 c5 7. Ngf3 Nc6 8. c3 Bg4 9. Qb3 Bc8 10. Bb5 c4 11. Qc2 Qb6 12. Bxc6+ bxc6 13. Ne5 g6 14. f3 Bg7 15. g4 Nd7 16. Nxg6 fxg6 17. Qxg6+ Kf8 18. Ke2 c5 19. Qc2 cxd4 20. exd4 e5 21. dxe5 Nxe5 22. Bxe5 Bxe5 23. Rae1 Bg3 24. Ref1 Rb8 25. Qa4 Bf4 26. Re1 Rh7 27. Kf1 Bd7 28. Qc2 Rf7 29. Re2 Qxb2 30. Qg6 Rb6 31. Qh5 Qxc3 0-1

[Event "FIDE World Rapid-ch Open 2018"]
[White "Apryshko, Gleb"]
[Black "Gaifullin, Artur"]
[Site "St. Petersburg"]
[Round "14.94"]
[Annotator "NA"]
[Result "1-0"]
[Date "2018.12.28"]
[WhiteElo "2385"]
[BlackElo "2448"]
[PlyCount "119"]
[TimeControl "900+10"]

1. e4 c6 2. d3 d5 3. Nd2 e5 4. Ngf3 Bd6 5. g3 Nf6 6. Bg2 0-0 7. 0-0 Re8 8. b3 a5 9. a3 Nbd7 10. Bb2 Qc7 11. Qe2 d4 12. Bh3 a4 13. b4 c5 14. b5 Nb6 15. Bxc8 Rexc8 16. Nc4 Nxc4 17. dxc4 Qd7 18. Nd2 Qh3 19. f3 Bf8 20. Rf2 Ne8 21. Qd3 Nd6 22. f4 Re8 23. Re1 exf4 24. gxf4 Qg4+ 25. Kh1 Qh4 26. Ref1 g6 27. e5 Nf5 28. Ne4 Bg7 29. Nxc5 Ne3 30. Bxd4 Nxf1 31. Qxf1 Rad8 32. c3 Qe7 33. Ne4 Qxa3 34. c5 Qb3 35. Nd6 Rf8 36. Qc4 Ra8 37. Qxb3 axb3 38. Rb2 Ra1+ 39. Kg2 Ra2 40. Rxa2 bxa2 41. c4 f6 42. c6 bxc6 43. bxc6 Bh6 44. exf6 Bxf4 45. c5 Ra8 46. c7 Be3 47. f7+ Kf8 48. Bxe3 a1=Q 49. Bh6+ Ke7 50. f8=Q+ Rxf8 51. Bxf8+ Kf6 52. Ne4+ Kf7 53. c8=Q Qa2+ 54. Kh3 Qb3+ 55. Ng3 h5 56. Bh6 Qa4 57. Qc7+ Ke6 58. Qd6+ Kf7 59. Qf4+ Ke6 60. Qxa4 {[%emt 0:0:2]
 Kd6} 1-0